AoeStats
← HalfHazzard

Scandinavia

510414241Analyzed
1v1 RM · 3d ago on Sep 30, 2026· 42m 26s· 2 players
Game mode
Random Map
Map size
Tiny (2 player)
Population
200
Speed
Normal
Resources
Standard
Victory
Conquest
Starting age
Dark Age
Ending age
Imperial Age
RankedLock teamsTeams togetherTeam positionsShared explorationLock speedFull tech treeHidden civsTurbo modeCheats
Victory
Defeat
🇺🇸 Byzantines · United States
776
+16
🇬🇧 Inca · United Kingdom
770
-37
tomwilmore
8:20 Loom
11:41 Feudal Age
18:34 Wheelbarrow
18:43 Forging
21:42 Castle Age
20:35 Scale Mail Armor
20:50 Double-Bit Axe
20:50 Horse Collar
24:31 Hand Cart
24:37 Hand Cart
24:16 Champi Runner
24:59 Pikeman
29:13 Heavy Plow
29:27 Bow Saw
31:51 Fishing Lines
35:40 Imperial Age
34:51 Gillnets
36:16 Iron Casting
36:36 Murder Holes
37:23 Town Watch
38:02 Ballistics
41:38 Champi Warrior
HalfHazzard
10:22 Feudal Age
8:58 Loom
11:45 Double-Bit Axe
12:09 Horse Collar
16:53 Gold Mining
20:30 Castle Age
22:20 Wheelbarrow
21:52 Husbandry
22:00 Scale Barding Armor
22:05 Forging
22:02 Gold Mining
23:03 Chain Barding Armor
26:02 Iron Casting
27:48 Bow Saw
29:29 Gold Shaft Mining
28:46 Stone Mining
30:10 Hand Cart
37:10 Imperial Age
36:46 Stone Shaft Mining
37:35 Cavalier
39:39 Plate Barding Armor
39:03 Paladin
40:18 Elite Cataphract
Connection lost

Rejoining the realm…

Still unreachable

The connection could not be restored.

Session expired

The server has moved on; the page needs a fresh start.